 Dungeon Crawl Stone Soup version 0.32-a0-470-g255bbe2f98 (webtiles) character file.

Game seed: 5823907946768154947

61 CrazyBamboolord the Slasher (level 4, -2/34 HPs)
             Began as a Coglin Gladiator on Feb 25, 2024.
             Slain by a gnoll
             ... wielding a +0 halberd
              (14 damage)
             ... on level 2 of the Dungeon.
             The game lasted 00:02:27 (403 turns).

CrazyBamboolord the Slasher (Coglin Gladiator)       Turns: 403, Time: 00:02:28

Health: -2/34      AC:  5    Str: 14    XL:     4   Next: 7%
Magic:  4/4        EV: 12    Int:  8    God:
Gold:   54         SH:  0    Dex: 17    Spells: 3/3 levels left

rFire   . . .        a - +0 long sword {Hong}
rCold   . . .        f - +2 mace (protect) {Gerda}
rNeg    . . .        b - +0 leather armour
rPois   .            c - +0 helmet
rElec   .            (no cloak)
rCorr   .            l - +0 pair of gloves
SInv    .            (no boots)
Will    .....        (no amulet)
Stlth   +            (ring unavailable)
HPRegen 0.25/turn    (ring unavailable)
MPRegen 0.09/turn

%: no passive effects
@: revved
A: off-hand wielding, slow wielding, warmup strikes, no rings
a: no special abilities


You were on level 2 of the Dungeon.
You visited 1 branch of the dungeon, and saw 2 of its levels.

You collected 54 gold pieces.

Inventory:

Hand Weapons
 a - a +0 long sword (weapon) {Hong}
 f - a +2 mace of protection (offhand) {Gerda}
Missiles
 d - 3 throwing nets (quivered)
 e - a javelin
Armour
 b - a +0 leather armour (worn)
 c - a +0 helmet (worn)
 l - a +0 pair of gloves (worn)
Scrolls
 g - a scroll of vulnerability {unknown}
 h - a scroll of identify {unknown}
 j - a scroll of brand weapon {unknown}
Potions
 i - a potion of haste {unknown}
 k - a potion of magic {unknown}
 m - a potion of heal wounds {unknown}


   Skills:
 * Level 2.7 Fighting
 * Level 3.5 Long Blades
 + Level 2.0 Throwing
 * Level 1.4 Armour
 + Level 2.9 Dodging


You had 3 spell levels left.
You didn't know any spells.
Your spell library contained the following spells:

 Spells                   Type           Power      Damage    Failure   Level
 Scorch                   Fire           0%         2d5       63%         2
 Flame Wave               Conj/Fire      0%         2d4       99%         4
 Summon Cactus Giant      Summ           0%         N/A       100%        6


Dungeon Overview and Level Annotations

Branches:
Dungeon (2/15)

Altars:


Innate Abilities, Weirdness & Mutations

You can wield a second weapon in your off-hand.
It takes a long time for you to wield or remove held weapons.
Your first few attacks do less damage.
Your grasper-arms cannot wear rings.


Message History

You hit the gnoll with your +2 mace of protection.
Your weapon exudes an aura of protection.
The gnoll is heavily wounded.
You slash the gnoll with your +0 long sword!
You kill the gnoll!
You closely miss the goblin with your +2 mace of protection.
You barely miss the goblin with your +0 long sword.
The goblin closely misses you. x2
You hit the goblin with your +2 mace of protection.
The goblin is heavily wounded.
You hit the goblin with your +0 long sword.
You kill the goblin! 2 gnolls come into view.
The gnoll shouts!
You hear a shout!
The gnoll moves out of view.
Items here: ))) †.
The gnoll shouts!
A goblin comes into view. It is wielding a +0 dagger.
The goblin shouts!
You hit the gnoll with your +0 long sword.
The gnoll is moderately wounded.
You barely miss the gnoll with your +2 mace of protection.
The gnoll closely misses you. x2
You closely miss the gnoll with your +2 mace of protection.
The gnoll is moderately wounded.
You slash the gnoll with your +0 long sword!
You kill the gnoll!
The gnoll barely misses you.
The gnoll hits you from afar with a +0 halberd!
You have reached level 4!
You feel clever. The goblin hits you but does no damage.
The gnoll barely misses you.
You hit the goblin but do no damage.
You completely miss the goblin with your +2 mace of protection.
The goblin barely misses you.
The gnoll hits you from afar with a +0 halberd!
You hit the goblin with your +0 long sword.
You kill the goblin!
The gnoll hits you from afar with a +0 halberd!
You die...

....## .....#
.....## ......##
....#..##########
..<###..........#
....#..##.#####.#
# #.#...###.#
#)###.#.###
##.#.# #.#
#.@$g......
#.##.# #.#
#.##..#.### . #.
#.# #.# ..# # #..
..# ..# ### ##.#
..# #.# ..# #.#
..# #.# ..# .#


You could see a gnoll.

Vanquished Creatures
  2 gnolls (D:2)
  An adder (D:2)
  2 bats
  3 endoplasms (D:1)
  A giant cockroach (D:2)
  3 goblins
  5 hobgoblins
  6 jackals (D:1)
  A kobold (D:2)
  A quokka (D:1)
  A ball python (D:1)
  2 frilled lizards
  2 rats (D:1)
30 creatures vanquished.

Notes
Turn   | Place    | Note
-------+----------+-------------------------------------------
     0 | D:1      | CrazyBamboolord the Coglin Gladiator began the quest for
                  | the Orb.
     0 | D:1      | Reached XP level 1. HP: 16/16 MP: 1/1
    97 | D:1      | Reached XP level 2. HP: 22/22 MP: 2/2
   232 | D:1      | Reached skill level 1 in Armour
   232 | D:1      | Reached XP level 3. HP: 28/28 MP: 3/3
   244 | D:1      | You fall into a shaft and drop 1 floor!
   399 | D:2      | Reached XP level 4. HP: 22/34 MP: 4/4
   403 | D:2      | Slain by a gnoll

Illustrated notes

Levels and vault maps discovered:
D:1:      lightli_arrival_flooded_house, layout_rooms
D:2:      layout_loops_ring, basic_altar, minmay_quantized, uniq_natasha

Skill      XL: |  1  2  3 |
---------------+----------+-----
Armour         | 1 |  1.4
Throwing       | 2 |  2.0
Fighting       | |  2.7
Long Blades    | |  3.5
Dodging        | |  2.9

Action                     |  1- 3 |  4- 6 || total
---------------------------+-------+-------++-------
  Melee: Long sword        |    51 |     2 ||    53
         Mace              |    44 |     1 ||    45
 Armour: Leather armour    |    24 |     3 ||    27
  Dodge: Dodged            |    42 |     2 ||    44

Table legend: (Time is in decaauts)
 A = Elapsed time spent in this place.
 B = Non-inter-level travel time spent in this place.
 C = Inter-level travel time spent in this place.
 D = Time resting spent in this place.
 E = Time spent auto-exploring this place.
 F = Levels seen in this place.
 G = Mean time per level.
                   A        B        C        D        E       F      G
               +--------+--------+--------+--------+--------+-----+--------+
         Total |    420 |    420 |      0 |      0 |    224 |   2 |  210.0 |
       Dungeon |    420 |    420 |      0 |      0 |    224 |   2 |  210.0 |
               +--------+--------+--------+--------+--------+-----+--------+

Top non-repeatable levels by time:
     D:1: 252 daAuts
     D:2: 167 daAuts
